 Dungeon Crawl Stone Soup version 0.22.1-6-g1668fe2c40 (webtiles) character file.

198 Kohma the Grave Robber (level 5, -5/38 HPs)
             Began as a Demonspawn Necromancer on Jan 24, 2019.
             Killed from afar by an orc wizard (13 damage)
             ... with a puff of flame
             ... on level 4 of the Dungeon.
             The game lasted 00:14:31 (3119 turns).

Kohma the Grave Robber (Demonspawn Necromancer)     Turns: 3119, Time: 00:14:32

Health: -5/38      AC:  2    Str: 14    XL:     5   Next: 47%
Magic:  2/9        EV: 12    Int: 17    God:
Gold:   124        SH:  0    Dex: 13    Spells: 0/9 levels left

rFire    . . .     SeeInvis .   u - -3 trident (curse)
rCold    . . .     Gourm    .   (no shield)
rNeg     . . .     Faith    .   p - -2 leather armour (curse)
rPois    .         Spirit   .   (no helmet)
rElec    .         Reflect  .   (no cloak)
rCorr    .         Harm     .   r - +0 pair of gloves
MR       .....                  (boots unavailable)
Stlth    +.........             (no amulet)
HPRegen  0.12/turn              (no ring)
MPRegen  0.11/turn              (no ring)

@: mighty
A: hooves 3
a: no special abilities


You were on level 4 of the Dungeon.
You were not hungry.

You visited 1 branch of the dungeon, and saw 4 of its levels.

You collected 124 gold pieces.

Inventory:

Hand Weapons
 a - a +0 spear
 d - a +2 dagger of venom
 f - a +0 mace
 h - a +0 whip
 u - a cursed -3 trident (weapon)
Missiles
 l - 71 stones (quivered)
 q - 20 poisoned needles
Armour
 e - a +0 robe
 g - a +0 leather armour
 o - a scarf of spirit shield
 p - a cursed -2 leather armour (worn)
 r - a +0 pair of gloves (worn)
Magical Staves
 w - an uncursed staff of conjuration {unknown}
Jewellery
 m - an uncursed amulet of faith {unknown}
 s - an uncursed ring of protection from cold {unknown}
 v - a +3 ring of dexterity {unknown}
Scrolls
 i - a scroll of teleportation
 j - 3 scrolls of fear
Potions
 b - a potion of mutation {unknown}
 k - 3 potions of curing
 n - a potion of might
 t - a potion of resistance {unknown}
 x - a potion of flight {unknown}
 z - a potion of heal wounds {unknown}
Comestibles
 c - 6 rations
 A - 3 chunks of flesh


   Skills:
 + Level 2.1 Fighting
 + Level 1.7 Maces & Flails
 - Level 1.7 Dodging
 - Level 1.7 Stealth
 + Level 2.9 Spellcasting
 * Level 5.8 Necromancy


You couldn't memorise any spells.
You knew the following spells:

 Your Spells              Type           Power        Failure   Level  Hunger
a - Pain                  Necr           ###.         1%          1    None
b - Animate Skeleton      Necr           N/A          1%          1    None
c - Vampiric Draining     Necr           ###.......   6%          3    ###....
d - Animate Dead          Necr           N/A          21%         4    ####...

Your spell library contained the following spells:

 Spells                   Type           Power        Failure   Level  Hunger
 Regeneration             Chrm/Necr      ##........   21%         3    ###....


Dungeon Overview and Level Annotations

Branches:
Dungeon (4/15)
 Temple: D:4-7

Altars:
Elyvilon
Okawaru
Sif Muna
Wu Jian
Yredelemnul


Innate Abilities, Weirdness & Mutations

You have hooves in place of feet.


Message History

Press: ? - help, Dir - move target cursor, f/p - orc
Aim: an orc (almost dead)
Okay, then. (m)acro, (M)acro raw, keymap [(k) default, (x) level-map, (t)argeting, Input macro trigger key: v Input macro action: zaf Created macro 'v' => 'zaf'.
Casting: Vampiric Draining (safe; 6% risk of failure)
Confirm with . or Enter, or press ? or * to list all spells.
Aiming: Pain (safe; 1% risk of failure)
Press: ? - help, Shift-Dir - straight line, f/p - orc
Aim: an orc (almost dead, chance to defeat MR: 91%) Nothing appears to happen.
Something hits you.
The orc throws a tomahawk.
The tomahawk hits you.
* * * LOW HITPOINT WARNING * * *
Okay, then.
You hear some strange, mumbled words.
A puff of flame appears from out of thin air!
The puff of flame hits you!
You die...

#.#.#...#.......#
#.#...#.....###.#####
#.#...#.............# ##
#.#.......####.####.# ..
#.........##.....##.#
#.##........#.......#.#
###.......#.#.#.......#.#
..........('......._.....#
#######...@#.#.#.......#.#
###(## ..#.......#.## #†#
.##.....##..#
......oWr....####.####..#
.......oo.#.............#
!........... ..#..#..#..#
#######...... #.........
#......o.#........<
#...#....#.........


You could see a phantom and 2 orcs.

Vanquished Creatures
  2 orc wizards (D:3)
  A worker ant (D:4)
  2 adders
  An ooze (D:1)
  3 leopard geckos
  2 ball pythons
  7 bats
  3 giant cockroaches
  5 goblins
  7 hobgoblins
  4 jackals (D:4)
  3 quokkas
  10 kobolds
  7 rats
57 creatures vanquished.

Vanquished Creatures (collateral kills)
  Jessica (D:3)
  An adder (D:2)
  A leopard gecko (D:2)
  A kobold (D:2)
  2 goblins (D:2)
  A rat (D:3)
7 creatures vanquished.

Grand Total: 64 creatures vanquished

Notes
Turn   | Place    | Note
-------+----------+-------------------------------------------
     0 | D:1      | Kohma the Demonspawn Necromancer began the quest for the
                  | Orb.
     0 | D:1      | Reached XP level 1. HP: 13/13 MP: 3/3
   106 | D:1      | Learned a level 1 spell: Animate Skeleton
   268 | D:1      | Gained mutation: You have large cloven feet. [demonic
                  | ancestry]
   268 | D:1      | Reached XP level 2. HP: 16/20 MP: 0/5
  1379 | D:2      | Reached skill level 1 in Fighting
  1402 | D:2      | Found a basalt altar of Yredelemnul.
  1450 | D:2      | Gained mutation: You have hoof-like feet. [demonic
                  | ancestry]
  1450 | D:2      | Reached XP level 3. HP: 23/26 MP: 6/6
  1610 | D:2      | Reached skill level 5 in Necromancy
  1650 | D:2      | Reached skill level 1 in Maces & Flails
  1706 | D:2      | Found an iron altar of Okawaru.
  1920 | D:3      | Found a white marble altar of Elyvilon.
  2174 | D:3      | Noticed Jessica
  2186 | D:3      | Killed Jessica
  2186 | D:3      | Gained mutation: You have hooves in place of feet. [demonic
                  | ancestry]
  2186 | D:3      | Reached XP level 4. HP: 26/32 MP: 4/7
  2661 | D:3      | Found a deep blue altar of Sif Muna.
  2832 | D:3      | Reached XP level 5. HP: 37/38 MP: 6/9
  2997 | D:4      | Found an ornate altar of the Wu Jian Council.
  3023 | D:4      | Noticed a phantom
  3043 | D:4      | Learned a level 3 spell: Vampiric Draining
  3048 | D:4      | Learned a level 4 spell: Animate Dead
  3119 | D:4      | Killed from afar by an orc wizard

Skill      XL: |  1  2  3  4  5 |
---------------+----------------+-----
Fighting       | 1 2 |  2.1
Necromancy     | 5 |  5.8
Maces & Flails | 1 |  1.7
Dodging        | |  1.7
Stealth        | |  1.7
Spellcasting   | |  2.9

Action                   |  1- 3 |  4- 6 || total
-------------------------+-------+-------++-------
Melee: Spear             |    65 |       ||    65
       Unarmed           |     1 |       ||     1
       Kick              |     9 |     6 ||    15
       Trident           |    10 |    29 ||    39
 Cast: Pain              |    41 |    23 ||    64
       Animate Skeleton  |    22 |     1 ||    23
       Vampiric Draining |       |     4 ||     4
  Use: Scroll            |     7 |     1 ||     8
       Potion            |       |     2 ||     2
 Stab: Sleeping          |     1 |       ||     1
       Distracted        |     1 |       ||     1
  Eat: Chunk             |     5 |       ||     5
       Ration            |       |     2 ||     2
Armor: Leather armour    |    18 |    11 ||    29
Dodge: Dodged            |    63 |    38 ||   101
